 Dungeon Crawl Stone Soup version 0.29.1-15-g9cfb28693d (webtiles) character file.

Game seed: 8971682739742988649

354 Gabide the Trooper (level 6, 0/68 HPs)
             Began as an Ogre Monk on Apr 16, 2023.
             Slain by Menkaure (9 damage)
             ... on level 4 of the Dungeon.
             The game lasted 00:04:35 (4064 turns).

Gabide the Trooper (Ogre Monk)                      Turns: 4064, Time: 00:04:36

Health: 0/68       AC:  7    Str: 18    XL:     6   Next: 63%
Magic:  0/6        EV: 15    Int: 11    God:
Gold:   175        SH:  0    Dex: 11    Spells: 5/5 levels left

rFire   . . .      SeeInvis .   a - +0 hand axe
rCold   . . .      Faith    .   (no shield)
rNeg    . . .      Spirit   +   b - +0 robe
rPois   .          Reflect  .   (helmet restricted)
rElec   .          Harm     .   (no cloak)
rCorr   .          Rampage  .   (gloves unavailable)
Will    .....                   (boots unavailable)
Stlth   +.........              i - amulet of guardian spirit
HPRegen 0.21/turn               e - +4 ring of protection
MPRegen 0.10/turn               p - +4 ring of evasion

@: confused, ambrosia-drunk
A: large, unfitting armour, tough skin 1
a: no special abilities


You were on level 4 of the Dungeon.
You visited 1 branch of the dungeon, and saw 4 of its levels.

You collected 175 gold pieces.

Inventory:

Hand Weapons
 a - a +0 hand axe (weapon)
Missiles
 l - 4 poisoned darts
 q - 2 boomerangs (quivered)
Armour
 b - a +0 robe (worn)
Jewellery
 e - a +4 ring of protection (left hand)
 h - a ring of poison resistance
 i - an amulet of guardian spirit (around neck)
 p - a +4 ring of evasion (right hand)
Scrolls
 j - 2 scrolls of poison
 n - a scroll of magic mapping
 o - a scroll of immolation
Potions
 d - 3 potions of flight
 f - a potion of haste {unknown}
 g - 2 potions of curing
 k - 2 potions of attraction {unknown}
 m - a potion of lignification {unknown}
 r - a potion of heal wounds {unknown}


   Skills:
 + Level 6.3 Fighting
 + Level 4.8 Axes
 + Level 4.3 Dodging
 - Level 1.4 Stealth


You had 5 spell levels left.
You didn't know any spells.
Your spell library contained the following spells:

 Spells                   Type           Power      Damage    Failure   Level
 Apportation              Tloc           0%         N/A       34%         1
 Sting                    Tmut/Pois      0%         1d3       34%         1
 Poisonous Vapours        Pois/Air       0%         N/A       47%         2
 Olgreb's Toxic Radiance  Pois           0%         N/A       98%         4
 Alistair's Intoxication  Tmut/Pois      0%         N/A       100%        5


Dungeon Overview and Level Annotations

Branches:
Dungeon (4/15)
 Temple: D:4-7

Altars:
Ashenzari
Dithmenos
Nemelex Xobeh
Vehumet
Yredelemnul
The Shining One

Annotations:
D:4 Menkaure


Innate Abilities, Weirdness & Mutations

You are too large for most types of armour.
You have tough skin. (AC +1)


Message History

You kill the adder!
You hit Menkaure.
You feel sick.
You are no longer poisoned.
Menkaure misses you.
You barely miss Menkaure. You punch Menkaure, but do no damage.
Menkaure is severely damaged.
Menkaure hits you!!
You are too injured to fight recklessly!
You are too injured to fight recklessly!
You are too injured to fight recklessly!
You are too injured to fight recklessly!
You are too injured to fight recklessly!
You are too injured to fight recklessly!
You feel better. Menkaure hits you but does no damage.
You barely miss Menkaure.
Menkaure is severely damaged.
Menkaure hits you.
Menkaure calls on the powers of darkness!
Your body is wracked with pain!
* * * LOW HITPOINT WARNING * * *
You feel better.
Menkaure points at you and mumbles some strange words.
Pain shoots through your body!
* * * LOW HITPOINT WARNING * * *
You are confused.
You feel invigorated. Menkaure hits you. Menkaure hits you!
* * * LOW HITPOINT WARNING * * *
Menkaure barely misses you.
Found a glowing scarf.
Menkaure casts a spell at you. Pain shoots through your body!
* * * LOW HITPOINT WARNING * * *
Menkaure barely misses you.
You hit Menkaure.
Menkaure is severely damaged.
Menkaure hits you!!
* * * LOW HITPOINT WARNING * * *
Menkaure attacks as you move away! Menkaure hits you!
You die...

............
'#######...........##
............#........
...................###+#
........# #.............
.....>..###...........
..............#.....#
........M##.........#...
.......@.###...)..#.#...
...!$....#.#..[..## #...
..............#.## #...
..............#.#####...
####..##..............##
##. #..###.#.....#.## #.
#..# #.#####[#... #[
#### #....).)#...
#....<.....#


You could see Menkaure (fast).

Vanquished Creatures
  A necrophage (D:4)
  2 orc priests (D:4)
  An iguana (D:3)
  2 orc wizards
  A statue (D:3)
  5 adders
  2 worms (D:3)
  5 dart slugs
  6 orcs
  9 ball pythons
  5 endoplasms
  5 giant cockroaches
  7 goblins
  10 hobgoblins
  3 kobolds
  3 quokkas
  2 bats
  2 frilled lizards (D:2)
  3 rats (D:1)
74 creatures vanquished.

Notes
Turn   | Place    | Note
-------+----------+-------------------------------------------
     0 | D:1      | Gabide the Ogre Monk began the quest for the Orb.
     0 | D:1      | Reached XP level 1. HP: 24/24 MP: 1/1
   239 | D:1      | Reached XP level 2. HP: 24/32 MP: 2/2
   552 | D:1      | Reached XP level 3. HP: 24/40 MP: 3/3
  1703 | D:2      | Reached skill level 5 in Fighting
  1703 | D:2      | Reached XP level 4. HP: 50/50 MP: 4/4
  1801 | D:2      | Found a basalt altar of Yredelemnul.
  2817 | D:3      | Reached XP level 5. HP: 57/57 MP: 5/5
  3017 | D:3      | Found a glowing golden altar of the Shining One.
  3031 | D:3      | Found a sparkling altar of Nemelex Xobeh.
  3061 | D:3      | Found a faded altar of an unknown god.
  3230 | D:3      | Found a radiant altar of Vehumet.
  3230 | D:3      | Noticed a charred statue
  3250 | D:3      | Killed a charred statue
  3455 | D:4      | Found a shadowy altar of Dithmenos.
  3477 | D:4      | Reached XP level 6. HP: 64/67 MP: 6/6
  3561 | D:4      | Found a broken altar of Ashenzari.
  3643 | D:4      | Reached skill level 6 in Fighting
  4039 | D:4      | Noticed Menkaure
  4064 | D:4      | Slain by Menkaure

Illustrated notes

Levels and vault maps discovered:
D:1:      eino_arrival_water_star, layout_basic, serial_corexii_hall,
          corexii_hall_statues_deadend, corexii_hall_statues_s,
          chequers_hall_statues_wall_a, corexii_hall_statues_deadend,
          corexii_hall_statues_deadend, corexii_hall_statues_t,
          chequers_serial_rivers_micro_b, kennysheep_decorative_pillar
D:2:      layout_basic, basic_altar
D:3:      layout_rooms, vehumet_statue, nemelex_diamond_rough_becter,
          tso_oasis_becter, basic_ecumenical_altar
D:4:      layout_basic, nicolae_dithmenos_the_darkroom, ashenzari_altar_1,
          uniq_menkaure

Skill      XL: |  1  2  3  4  5  6 |
---------------+-------------------+-----
Dodging        | 3 4 |  4.3
Fighting       | 5 6 |  6.3
Axes           | 4 |  4.8
Stealth        | |  1.4

Action                   |  1- 3 |  4- 6 || total
-------------------------+-------+-------++-------
Melee: Hand axe          |   114 |   176 ||   290
       Punch             |       |     1 ||     1
Throw: Dart              |    11 |    35 ||    46
       Boomerang         |       |     6 ||     6
  Use: Scroll            |     5 |     3 ||     8
       Potion            |       |     3 ||     3
 Stab: Sleeping          |     1 |     2 ||     3
       Distracted        |       |     1 ||     1
Armor: Robe              |    34 |    81 ||   115
Dodge: Dodged            |    64 |   110 ||   174
